 Dungeon Crawl Stone Soup version 0.21.1-1-g345015f (webtiles) character file.

138 inc the Ducker (level 5, 25/25 HPs)
             Began as a Felid Transmuter on June 10, 2018.
             Quit the game on level 4 of the Dungeon.
             The game lasted 00:08:19 (5047 turns).

inc the Ducker (Felid Transmuter)                   Turns: 5047, Time: 00:08:20

Health: 25/25      AC:  2    Str:  6    XL:     5   Next: 1%
Magic:  9/9        EV: 21    Int: 15    God:
Gold:   193        SH:  0    Dex: 18    Spells: 1/8 levels left
                                        Lives:  0   Deaths: 1

rFire    . . .     SeeInvis +     - Unarmed
rCold    . . .     Gourm    .   (shield unavailable)
rNeg     . . .     Faith    .   (armour unavailable)
rPois    .         Spirit   .   (helmet unavailable)
rElec    .         Reflect  .   (cloak unavailable)
rCorr    .         Harm     .   (gloves unavailable)
MR       .....                  (boots unavailable)
Stlth    ++........             (no amulet)
HPRegen  0.08/turn              g - ring of wizardry
MPRegen  0.11/turn              (no ring)

@: quick
A: very small, no armour, no weapons or thrown items, stealth, claws 1, fangs 3,
see invisible, carnivore, speed 1, shaggy fur 2, slow metabolism 1, sharp paws
a: no special abilities


You were on level 4 of the Dungeon.
You were not hungry.

You visited 1 branch of the dungeon, and saw 4 of its levels.

You collected 193 gold pieces.

Inventory:

Missiles
 a - 38 arrows
Jewellery
 g - a ring of wizardry (left paw)
 r - a -3 ring of intelligence
Wands
 o - a wand of digging (12)
 t - a wand of enslavement (6)
Scrolls
 d - 2 scrolls of teleportation
 e - 3 scrolls of remove curse
 f - a scroll of noise {unknown}
 m - a scroll of immolation {unknown}
 n - 2 scrolls of amnesia {unknown}
 p - a scroll of magic mapping {unknown}
 q - 3 scrolls of identify
 s - a scroll of enchant armour {unknown}
 u - a scroll of fog {unknown}
 w - a scroll of fear {unknown}
Potions
 h - a potion of degeneration {unknown}
 i - 2 potions of curing {unknown}
 j - 3 potions of heal wounds
 l - 2 potions of lignification
Books
 b - a book of Changes

   Spells                             Type                      Level
   a - Beastly Appendage              Transmutation                1
   b - Sticks to Snakes               Transmutation                2
   c - Spider Form                    Transmutation/Poison         3
   d - Ice Form                       Ice/Transmutation            4
   e - Blade Hands                    Transmutation                5
 k - a book of Misfortune

   Spells                             Type                      Level
   a - Confusing Touch                Hexes                        1
   b - Confuse                        Hexes                        3
   c - Gell's Gravitas                Translocation                3
   d - Petrify                        Transmutation/Earth          4
   e - Metabolic Englaciation         Hexes/Ice                    5
   f - Yara's Violent Unravelling     Hexes/Transmutation          5
 v - a book of Cantrips

   Spells                             Type                      Level
   a - Confusing Touch                Hexes                        1
   b - Animate Skeleton               Necromancy                   1
   c - Summon Small Mammal            Summoning                    1
   d - Apportation                    Translocation                1
Comestibles
 c - 8 rations


   Skills:
 - Level 4.6 Fighting
 - Level 5.3 Dodging
 + Level 3.3 Unarmed Combat
 - Level 2.0 Spellcasting
 - Level 2.1 Transmutations


You had one spell level left.
You knew the following spells:

 Your Spells              Type           Power        Failure   Level  Hunger
a - Beastly Appendage     Tmut           #.....       3%          1    #......
b - Sticks to Snakes      Tmut           #.......     6%          2    ###....
c - Confusing Touch       Hex            #.....       9%          1    #......
d - Spider Form           Tmut/Pois      #.........   16%         3    ###....


Dungeon Overview and Level Annotations

Branches:
Dungeon (4/15)
 Temple: D:4-7

Altars:
Cheibriados
Gozag


Innate Abilities, Weirdness & Mutations

You cannot wear armour.
You are incapable of wielding weapons or throwing items.
Your paws allow you to move quietly. (Stealth)
You have sharp claws.
You have razor-sharp teeth.
You have supernaturally acute eyesight. (SInv)
You are carnivorous and can eat meat at any time.
You cover ground quickly.
You are covered in thick fur. (AC +2)
You have a slow metabolism.
Your sharp claws are effective at attacking unaware monsters.


Message History

You scratch the orc wizard.
The orc wizard is lightly wounded.
Your adder bites the orc wizard.
The orc wizard gestures at you while chanting.
The puff of flame misses you. The puff of flame hits your adder.
Your adder dies!
The orc wizard casts a spell at you. The magic dart hits you!
* * * LOW HITPOINT WARNING * * *
Casting: Sticks to Snakes
Confirm with . or Enter, or press ? or * to list all spells.
You create a snake!
You now have 38 arrows.
The orc wizard hits you with a dagger.
You die...
The orc wizard gestures at you while chanting.
The magic dart hits your ball python.
Your ball python dies!
You are now level 5!
You rejoin the land of the living...
Are you sure you want to abandon this character and quit the game? (Confirm with "yes".)

##################
.o...............#
################.# ######.###
#........# #........# #.....@..#
###########........##############
.o...............................
########..[...(....#########.####
#.##........# #.......##
#.########### #.......##
########.###############.......##
..............(.......##.......##
#######...###....####..#.......##


There were no monsters in sight!

Vanquished Creatures
  An orc wizard (D:2)
  Terence (D:2)
  Natasha (thrice) (D:2)
  Robin (D:2)
  An ooze (D:2)
  2 dart slugs
  5 worms
  A leopard gecko (D:2)
  3 orcs
  5 giant cockroaches
  14 goblins
  9 hobgoblins
  8 jackals (D:1)
  8 kobolds
  A quokka (D:2)
  A bat (D:1)
  3 frilled lizards
  A leopard gecko skeleton (D:4)
  5 rats
73 creatures vanquished.

Vanquished Creatures (collateral kills)
  Ijyb (D:4)
  An adder (D:3)
  A worm (D:4)
  A goblin (D:2)
4 creatures vanquished.

Grand Total: 77 creatures vanquished

Notes
Turn   | Place    | Note
-------+----------+-------------------------------------------
     0 | D:1      | inc the Felid Transmuter began the quest for the Orb.
     0 | D:1      | Reached XP level 1. HP: 9/9 MP: 4/4
    56 | D:1      | Reached skill level 3 in Dodging
   351 | D:1      | Reached XP level 2. HP: 10/12 MP: 6/6
   444 | D:1      | Learned a level 2 spell: Sticks to Snakes
   459 | D:1      | Reached skill level 4 in Dodging
   914 | D:1      | Reached XP level 3. HP: 15/15 MP: 7/7
  1119 | D:2      | Reached skill level 5 in Dodging
  1154 | D:2      | Learned a level 1 spell: Confusing Touch
  2028 | D:2      | Noticed Robin
  2150 | D:2      | Killed Robin
  2150 | D:2      | Reached XP level 4. HP: 14/19 MP: 6/8
  2391 | D:2      | Learned a level 3 spell: Spider Form
  2393 | D:2      | Noticed Terence
  2407 | D:2      | Killed Terence
  2610 | D:2      | Noticed Natasha
  2622 | D:2      | Killed Natasha
  2635 | D:2      | Noticed Natasha
  2652 | D:2      | Killed Natasha
  2652 | D:2      | Reached XP level 5. HP: 20/24 MP: 9/9
  2705 | D:2      | Noticed Natasha
  2720 | D:2      | Killed Natasha
  3326 | D:3      | Found an opulent altar of Gozag.
  3374 | D:3      | Found a snail-covered altar of Cheibriados.
  3420 | D:3      | HP: 1/25 [poisoned by an adder]
  4330 | D:4      | Noticed Ijyb
  4351 | D:4      | Killed Ijyb
  4418 | D:4      | Gained mutation: You are covered in thick fur. (AC +2) [Felid growth]
  4418 | D:4      | Reached XP level 6. HP: 29/29 MP: 10/10
  5046 | D:4      | Slain by an orc wizard
  5047 | D:4      | Reached XP level 5. HP: -3/25 MP: 1/9
  5047 | D:4      | Quit the game

Skill      XL: |  1  2  3  4  5 |
---------------+----------------+-----
Dodging        | 3 4 5 |  5.3
Fighting       | 3 4 |  4.6
Unarmed Combat | |  3.3
Spellcasting   | |  2.0
Transmutations | |  2.1

Action                   |  1- 3 |  4- 6 || total
-------------------------+-------+-------++-------
Melee: Unarmed           |   152 |   151 ||   303
       Headbutt          |    10 |     7 ||    17
       Bite              |    14 |    22 ||    36
       Punch             |     3 |     2 ||     5
 Cast: Beastly Appendage |    15 |     8 ||    23
       Confusing Touch   |     4 |     9 ||    13
       Sticks to Snakes  |     3 |    10 ||    13
  Use: Scroll            |       |     5 ||     5
 Stab: Confused          |     3 |    10 ||    13
       Distracted        |     1 |       ||     1
  Eat: Chunk             |     3 |     6 ||     9
Armor: Skin              |     3 |     1 ||     4
Dodge: Dodged            |   103 |   104 ||   207
